 Dungeon Crawl Stone Soup version 0.23.2-1-ga50397a (webtiles) character file.

Game seed: 11014028838018173833

77 IBeShadow the Skirmisher (level 4, -2/44 HPs)
             Began as a Naga Fighter on May 8, 2019.
             Slain by a gnoll
             ... wielding a +0 spear
              (7 damage)
             ... on level 2 of the Dungeon.
             The game lasted 00:01:25 (1453 turns).

IBeShadow the Skirmisher (Naga Fighter)             Turns: 1453, Time: 00:01:26

Health: -2/44      AC:  5    Str: 19    XL:     4   Next: 33%
Magic:  4/4        EV:  5    Int:  8    God:
Gold:   96         SH:  8    Dex: 11    Spells: 3/3 levels left

rFire    . . .     SeeInvis +   m - +2 hand axe (freeze)
rCold    . . .     Gourm    .   c - +0 shield
rNeg     . . .     Faith    .   b - +0 scale mail
rPois    +         Spirit   .   (no helmet)
rElec    .         Reflect  .   (no cloak)
rCorr    .         Harm     .   (no gloves)
MR       .....                  (no barding)
Stlth    ..........             (no amulet)
HPRegen  0.14/turn              (no ring)
MPRegen  0.09/turn              (no ring)

@: short of breath, very slow
A: large, see invisible, deformed body, poison resistance, slowness 2, slow
metabolism 1, spit poison 1, AC +1
a: Spit Poison


You were on level 2 of the Dungeon.
You were not hungry.

You visited 1 branch of the dungeon, and saw 2 of its levels.

You collected 96 gold pieces.

Inventory:

Hand Weapons
 a - a +0 war axe
 m - a +2 hand axe of freezing (weapon)
Armour
 b - a +0 scale mail (worn)
 c - a +0 shield (worn)
Jewellery
 k - an uncursed ring of fire {unknown}
Scrolls
 e - 2 scrolls of amnesia {unknown}
 g - a scroll of teleportation {unknown}
 h - 2 scrolls of enchant weapon {unknown}
Potions
 d - a potion of might
 i - a potion of lignification {unknown}
 j - a potion of brilliance {unknown}
Comestibles
 f - 5 rations


   Skills:
 * Level 3.8 Fighting
 * Level 3.0 Axes
 - Level 2.5 Armour
 + Level 2.0 Stealth
 - Level 2.6 Shields


You had 3 spell levels left.
You didn't know any spells.
Your spell library was empty.

Dungeon Overview and Level Annotations

Branches:
Dungeon (2/15)

Altars:
Ru


Innate Abilities, Weirdness & Mutations

You cannot wear boots.
Your serpentine skin is tough. (AC +1)
You have supernaturally acute eyesight. (SInv)
Armour fits poorly on your strangely shaped body.
Your system is resistant to poisons. (rPois)
You cover ground very slowly.
You have a slow metabolism.
You can spit poison.


Message History

The gnoll hits you from afar with a +0 spear!
Unknown command.
You block the gnoll's attack. x2
Things that are here:
a +0 flail; a gnoll corpse You hit the gnoll.
You freeze the gnoll.
The gnoll is moderately wounded.
You block the gnoll's attack. The gnoll hits you with a +0 spear!
* * * LOW HITPOINT WARNING * * *
The gnoll hits you from afar with a +0 spear.
* * * LOW HITPOINT WARNING * * *
You block the gnoll's attack. The gnoll hits you but does no damage.
There is an open door here.
Press: ? - help, Shift-Dir - straight line, f - gnoll
Aim: a gnoll, wielding a +0 spear (moderately wounded)
The splash of poison misses the gnoll.
You feel slightly more hungry.
The gnoll hits you from afar with a +0 spear.
* * * LOW HITPOINT WARNING * * *
The gnoll hits you from afar with a +0 spear!
You die...

.#...).# #.....#
.#.....## #.....#
.####...########.#####
....'...'........########
.####...########.........
.# #...# #.######## .#
#...# #.######## .# #...#
#((.(.)..# .# #...#
#@)......# .# #...#
#####........# +# #...#
#gg)g........# .####
#$###........# .. #
#........# ... #........#
'........# .#........#
###'#.###


You could see a gnoll.

Vanquished Creatures
  Jessica (D:2)
  A gnoll (D:2)
  2 adders (D:2)
  A dart slug (D:1)
  3 goblins (D:2)
  4 hobgoblins
  2 jackals (D:1)
  4 kobolds
  A bat (D:2)
  5 rats
24 creatures vanquished.

Notes
Turn   | Place    | Note
-------+----------+-------------------------------------------
     0 | D:1      | IBeShadow the Naga Fighter began the quest for the Orb.
     0 | D:1      | Reached XP level 1. HP: 21/21 MP: 1/1
   450 | D:1      | Reached XP level 2. HP: 28/28 MP: 2/2
  1135 | D:2      | Found a sacrificial altar of Ru.
  1137 | D:2      | Reached XP level 3. HP: 33/34 MP: 3/3
  1144 | D:2      | Reached skill level 1 in Stealth
  1203 | D:2      | Noticed Jessica
  1224 | D:2      | Killed Jessica
  1265 | D:2      | Reached XP level 4. HP: 28/44 MP: 4/4
  1453 | D:2      | Slain by a gnoll

Skill      XL: |  1  2  3  4 |
---------------+-------------+-----
Stealth        | 1 2 |  2.0
Axes           | 3 |  3.0
Fighting       | |  3.8
Armour         | |  2.5
Shields        | |  2.6

Action                   |  1- 3 |  4- 6 || total
-------------------------+-------+-------++-------
Melee: War axe           |    57 |       ||    57
       Hand axe          |    15 |    12 ||    27
 Abil: Spit Poison       |     3 |     2 ||     5
 Stab: Paralysed         |     1 |       ||     1
  Eat: Chunk             |     1 |       ||     1
Armor: Scale mail        |    37 |     8 ||    45
Dodge: Dodged            |    26 |     3 ||    29
Block: Shield            |    48 |     8 ||    56
